 Dungeon Crawl Stone Soup version 0.23-a0-839-g6d2b917 (console) character file.

9283 Voker57 the Carver (level 11, -4/86 HPs)
             Began as a Demonspawn Gladiator on Jan 25, 2019.
             Was a High Priest of Makhleb.
             Slain by an ice dragon (9 damage)
             ... on level 10 of the Dungeon.
             The game lasted 00:18:58 (9692 turns).

Voker57 the Carver (Demonspawn Gladiator)           Turns: 9692, Time: 00:18:58

Health: -4/86      AC:  6    Str: 18    XL:     11   Next: 21%
Magic:  0/17       EV: 21    Int:  9    God:    Makhleb [*****.]
Gold:   606        SH:  3    Dex: 18    Spells: 10/10 levels left

rFire    + + .     SeeInvis .   a - +0 long sword
rCold    + + .     Gourm    .   (no shield)
rNeg     . . .     Faith    .   F - +1 leather armour
rPois    +         Spirit   +   c - +0 helmet
rElec    +         Reflect  +   I - scarf {rC+ rF+}
rCorr    +         Harm     .   D - +0 pair of gloves "Muzio" {Str+3 Slay+3} (curse)
MR       .....                  (no boots)
Stlth    +++.......             v - +3 amulet of reflection
HPRegen  0.24/turn              E - ring of Shadows {Umbra +Inv Stlth+}
MPRegen  0.30/turn              (no ring)

@: resistant, wreathed by umbra
A: hooves 1, repulsion field 2, spiny 1, magic shield, magic regeneration
a: Minor Destruction, Lesser Servant of Makhleb, Major Destruction, Greater
Servant of Makhleb, Renounce Religion, Evoke Invisibility


You were on level 10 of the Dungeon.
You worshipped Makhleb.
Makhleb was extremely pleased with you.
You were not hungry.

You visited 1 branch of the dungeon, and saw 10 of its levels.
You also visited: Sewer and Ossuary.

You collected 606 gold pieces.

Inventory:

Hand Weapons
 a - a +0 long sword (weapon)
 b - a +1 hand axe of flaming
 d - a +0 flail
 q - a +5 falchion of electrocution
Armour
 c - a +0 helmet (worn)
 D - the cursed +0 pair of gloves "Muzio" (worn) {Str+3 Slay+3}
   (You found it on level 7 of the Dungeon)

   It affects your strength (+3).
   It affects your accuracy and damage with ranged weapons and melee attacks
   (+3).
   It has a curse placed upon it.
 F - a +1 leather armour (worn)
 I - a scarf of resistance (worn)
Jewellery
 v - a +3 amulet of reflection (around neck)
 x - an uncursed ring of ice
 y - an uncursed ring of positive energy
 E - the ring of Shadows (left hand) {Umbra +Inv Stlth+}
   (You found it on level 7 of the Dungeon)

   [ring of stealth]

   It lets you turn invisible.
   It makes you more stealthy.
 H - a cursed ring of teleportation
Wands
 p - a wand of clouds (4)
 B - a wand of polymorph (27)
 C - a wand of flame (13)
 G - a wand of digging (7)
Scrolls
 g - 9 scrolls of identify
 j - 7 scrolls of teleportation
 k - 10 scrolls of remove curse
 l - 3 scrolls of fog
 s - a scroll of blinking
 t - 2 scrolls of amnesia
 L - a scroll of enchant weapon {unknown}
 M - a scroll of magic mapping
Potions
 e - 4 potions of curing
 h - a potion of flight
 i - 6 potions of heal wounds
 m - a potion of resistance
 n - 3 potions of haste
 o - 5 potions of might {unknown}
 r - a potion of agility {unknown}
 u - a potion of invisibility {unknown}
 w - 2 potions of ambrosia {unknown}
 z - 6 potions of brilliance {unknown}
 A - 2 potions of degeneration {unknown}
 J - a potion of mutation {unknown}
 K - a potion of lignification {unknown}
Comestibles
 f - 33 rations
 N - 4 chunks of flesh


   Skills:
 + Level 8.1 Fighting
 * Level 10.7 Long Blades
 - Level 2.2 Throwing
 - Level 1.4 Armour
 + Level 8.2 Dodging
 + Level 8.5 Invocations


You had 10 spell levels left.
You didn't know any spells.
Your spell library contained the following spells:

 Spells                   Type           Power        Failure   Level  Hunger
 Freeze                   Ice            #...         43%         1    ##.....
 Magic Dart               Conj           #...         43%         1    ##.....
 Sting                    Conj/Pois      #...         43%         1    ##.....
 Blink                    Tloc           N/A          58%         2    ###....
 Call Imp                 Summ           #.......     58%         2    ###....
 Poisonous Vapours        Pois/Air       #.....       58%         2    ###....
 Slow                     Hex            #.......     58%         2    ###....
 Throw Frost              Conj/Ice       #.....       58%         2    ###....
 Conjure Flame            Conj/Fire      #.......     82%         3    ####...
 Mephitic Cloud           Conj/Pois/Air  #.......     82%         3    ####...
 Ozocubu's Armour         Chrm/Ice       #.......     82%         3    ####...
 Olgreb's Toxic Radiance  Pois           #.......     99%         4    #####..
 Summon Ice Beast         Ice/Summ       #.......     99%         4    #####..
 Throw Icicle             Conj/Ice       #.......     99%         4    #####..
 Venom Bolt               Conj/Pois      #.........   100%        5    ######.


Dungeon Overview and Level Annotations

Branches:
Dungeon (10/15)            Temple (0/1) D:7             Orc (0/2) D:10
   Lair: D:8-11

Altars:
Dithmenos
Fedhas
Kikubaaqudgha
Makhleb
Okawaru
Sif Muna
Trog
Vehumet
Wu Jian
Yredelemnul
Beogh

Shops:
D:10 ([%:*


Innate Abilities, Weirdness & Mutations

You have large cloven feet.
You are surrounded by a moderate repulsion field. (EV +3)
You are partially covered in sharp spines.
When hurt, damage is shared between your health and your magic reserves.
You regenerate magic rapidly.


Message History

You resist. The blast of cold hits you!
You hit the ice dragon.
The ice dragon is severely wounded.
The ice dragon bites you. The ice dragon closely misses you.
The ice dragon tramples you!
* * * LOW HITPOINT WARNING * * *
You stumble backwards!
You slash the ice dragon! You kick the ice dragon.
The ice dragon is almost dead.
The ice dragon bites you!
* * * LOW HITPOINT WARNING * * *
The ice dragon claws you.
* * * LOW HITPOINT WARNING * * *
The ice dragon tramples you.
* * * LOW HITPOINT WARNING * * *
You stumble backwards!
You closely miss the ice dragon.
You kick the ice dragon, but do no damage.
The ice dragon is almost dead.
The ice dragon completely misses you. The ice dragon claws you!
You die...

........#####>._.8#.# ##...##.#
#####...#####.....#.### #)..#....
....+...#...#.....#...###...#..).
#####...#...#..⌠..8)..#...#...}#.
#...#...#.....[...'.#...#..).
#####...#.....8!..#.#...#....
#...#....o#!..#.##...##.#
#...#######(..#.###......
#.......÷.†(..#...##...#.
#####...@D......# ##.... #####
#######.##........# ###.# ....#
#....)............# #.. ....#
#.#####.#)#..(###.# . ....# #.#
#.#(###.# #.# . ....# #.# #.#[#
#.# #.# ....# #.# #.#(# #.# #.#
....###'### #.#(# #.# #.#
....#.....# #.#.# #.# #.#
#####.....# #.#.# #.# #.#


You could see an ice dragon.

Vanquished Creatures
  A hydra (D:9)
  A two-headed ogre (D:9)
  3 rime drakes (D:10)
  A hippogriff (D:10)
  2 dream sheep (D:9)
  2 yaks (D:9)
  Menkaure (D:5)
  Purgy (Sewer)
  6 ice beasts
  A sky beast (D:5)
  7 orc warriors
  5 ogres
  2 centaurs
  A crocodile (D:9)
  3 big kobolds
  Blork the orc (D:5)
  An elf zombie (Ossuary)
  4 bullfrogs
  A wyvern zombie (D:7)
  A gnoll sergeant (D:5)
  10 killer bees (D:8)
  2 scorpions
  9 wights (D:9)
  5 howler monkeys
  3 centaur zombies (Ossuary)
  3 crimson imps
  A quasit (D:8)
  3 bullfrog skeletons
  A bullfrog zombie (D:5)
  7 orc priests
  5 hounds
  5 iguanas
  Terence (D:2)
  6 orc wizards
  8 worker ants
  A hound zombie (D:8)
  2 mummies (Ossuary)
  A howler monkey skeleton (D:9)
  A worker ant zombie (D:6)
  10 gnolls
  14 adders
  8 shadow imps
  2 oozes
  3 adder zombies
  An adder skeleton (D:5)
  5 dart slugs
  2 leopard geckos (D:5)
  57 orcs
  2 ball pythons
  11 bats
  5 giant cockroaches
  18 hobgoblins
  12 jackals
  20 kobolds
  4 quokkas
  6 frilled lizards
  17 goblins
  A goblin zombie (Ossuary)
  8 hobgoblin zombies (Ossuary)
  4 jackal zombies
  9 kobold zombies (Ossuary)
  10 orc zombies (Ossuary)
  11 rats
  3 rat zombies (Ossuary)
362 creatures vanquished.

Vanquished Creatures (collateral kills)
  A two-headed ogre (D:8)
  A rime drake (D:10)
  A big kobold (D:9)
  A crimson imp (D:9)
  4 orcs (D:10)
8 creatures vanquished.

Grand Total: 370 creatures vanquished

Notes
Turn   | Place    | Note
-------+----------+-------------------------------------------
     0 | D:1      | Voker57 the Demonspawn Gladiator began the quest for the
                  | Orb.
     0 | D:1      | Reached XP level 1. HP: 16/16 MP: 1/1
   361 | D:1      | Gained mutation: You have large cloven feet. [demonic
                  | ancestry]
   361 | D:1      | Reached XP level 2. HP: 15/22 MP: 2/2
   508 | D:1      | Reached skill level 3 in Long Blades
   591 | D:1      | Gained mutation: When hurt, damage is shared between your
                  | health and your magic reserves. [demonic ancestry]
   591 | D:1      | Reached XP level 3. HP: 24/27 MP: 3/3
  1324 | D:2      | Reached XP level 4. HP: 12/33 MP: 2/4
  1823 | D:2      | Noticed Terence
  1830 | D:2      | Reached skill level 1 in Armour
  1837 | D:2      | Killed Terence
  1837 | D:2      | Reached XP level 5. HP: 38/38 MP: 5/5
  2192 | D:3      | Reached skill level 4 in Long Blades
  2612 | D:3      | Found a glowing drain.
  2632 | Sewer    | Entered a sewer
  2689 | Sewer    | Noticed Purgy
  2701 | Sewer    | Killed Purgy
  2701 | Sewer    | Reached XP level 6. HP: 39/47 MP: 4/6
  3588 | D:5      | Entered Level 5 of the Dungeon
  3593 | D:5      | Noticed an ice beast
  3599 | D:5      | Killed an ice beast
  3599 | D:5      | Reached skill level 5 in Long Blades
  3599 | D:5      | Gained mutation: You are partially covered in sharp spines.
                  | [demonic ancestry]
  3599 | D:5      | Reached XP level 7. HP: 52/52 MP: 7/7
  3686 | D:5      | Noticed Menkaure
  3693 | D:5      | Killed Menkaure
  3904 | D:5      | Noticed Blork the orc
  3909 | D:5      | Reached skill level 5 in Dodging
  3913 | D:5      | Killed Blork the orc
  4166 | D:5      | Reached skill level 6 in Long Blades
  4181 | D:5      | Gained mutation: You regenerate magic rapidly. [demonic
                  | ancestry]
  4181 | D:5      | Reached XP level 8. HP: 61/61 MP: 8/8
  4384 | D:5      | Found a basalt altar of Yredelemnul.
  4387 | D:5      | Found an ancient bone altar of Kikubaaqudgha.
  4388 | D:5      | Found a shadowy altar of Dithmenos.
  4388 | D:5      | Found a burning altar of Makhleb.
  4388 | D:5      | Found an iron altar of Okawaru.
  4389 | D:5      | Found a deep blue altar of Sif Muna.
  4436 | D:5      | Became a worshipper of Makhleb the Destroyer
  4737 | D:6      | Found a sand-covered staircase.
  4760 | D:6      | Found a bloodstained altar of Trog.
  4760 | D:6      | Reached skill level 1 in Invocations
  5028 | D:6      | Reached skill level 5 in Fighting
  5028 | D:6      | Reached skill level 7 in Long Blades
  5058 | Ossuary  | Entered an ossuary
  5284 | Ossuary  | Reached * piety under Makhleb
  5538 | D:6      | Reached ** piety under Makhleb
  5547 | D:6      | Gained mutation: You are surrounded by a mild repulsion
                  | field. (EV +2) [demonic ancestry]
  5547 | D:6      | Reached XP level 9. HP: 53/68 MP: 7/11
  5747 | D:6      | Found a radiant altar of Vehumet.
  5978 | D:7      | Found a blossoming altar of Fedhas.
  6012 | D:7      | Found an ornate altar of the Wu Jian Council.
  6062 | D:7      | Got a pair of warped gloves
  6070 | D:7      | Identified the cursed +0 pair of gloves "Muzio" {Str+3
                  | Slay+3} (You found it on level 7 of the Dungeon)
  6190 | D:7      | Reached *** piety under Makhleb
  6199 | D:7      | Found a staircase to the Ecumenical Temple.
  6461 | D:7      | Reached skill level 8 in Long Blades
  6476 | D:7      | Found the ring of Shadows {Umbra +Inv Stlth+}
  6748 | D:7      | Reached skill level 5 in Invocations
  6941 | D:8      | Reached **** piety under Makhleb
  7008 | D:8      | Noticed a two-headed ogre
  7036 | D:8      | Killed a two-headed ogre
  7036 | D:8      | Reached skill level 9 in Long Blades
  7312 | D:8      | Reached XP level 10. HP: 77/77 MP: 12/14
  7753 | D:9      | Found a shadowy altar of Dithmenos.
  7898 | D:9      | Noticed a two-headed ogre
  7908 | D:9      | Killed a two-headed ogre
  8042 | D:9      | Reached skill level 10 in Long Blades
  8087 | D:9      | Noticed a three-headed hydra
  8093 | D:9      | Killed a one-headed hydra
  8436 | D:10     | Entered Level 10 of the Dungeon
  8436 | D:10     | Found Baock's Assorted Antiques.
  8505 | D:10     | Found a roughly hewn altar of Beogh.
  8505 | D:10     | Found a staircase to the Orcish Mines.
  8551 | D:10     | Gained mutation: You are surrounded by a moderate repulsion
                  | field. (EV +3) [demonic ancestry]
  8551 | D:10     | Reached XP level 11. HP: 33/86 MP: 7/17
  8556 | D:10     | Reached ***** piety under Makhleb
  9025 | D:10     | Noticed an ice dragon
  9038 | D:10     | Found Qerudd's Food Boutique.
  9168 | D:10     | Found Hacyjinn's Book Emporium.
  9297 | D:10     | Found Qucheuc's Antique Armour Shoppe.
  9362 | D:10     | Found Wuqoyrgh's Weapon Boutique.
  9692 | D:10     | Slain by an ice dragon

Vault maps used:
D:1:      dpeg_arrival_tiny_a, st_stairs_6, minmay_hexomino_f4
D:2:      uniq_terence
D:3:      portal_sewer_entry_b, nrook_campfire
D:4:      first_ration
D:5:      minitemple, uniq_menkaure, uniq_blork_the_orc
D:6:      marbit_many_paths, nicolae_overflow_crystal_walls, enter_ossuary_1
D:7:      corexii_shantytown, kennysheep_mini, minmay_temple_entry_crystal_x,
          basic_altar
D:9:      basic_altar, hangedman_ranch
D:10:     minmay_coctagon, david_orc_5, serial_shops, nicolae_shop_stone,
          nicolae_shop_stone, nicolae_shop_stone,
          nicolae_shop_overgrown_old_shop, shop
Sewer:    sewer_the_crocodile
Ossuary:  ossuary_tomb_1

Skill      XL: |  1  2  3  4  5  6  7  8  9 10 11 |
---------------+----------------------------------+-----
Throwing       | 2 |  2.2
Long Blades    | 3 4 5 6 7 9 10 | 10.7
Dodging        | 3 4 5 6 7 8 |  8.2
Armour         | 1 |  1.4
Fighting       | 3 4 5 6 7 8 |  8.1
Invocations    | 3 6 8 |  8.5

Action                   |  1- 3 |  4- 6 |  7- 9 | 10-12 || total
-------------------------+-------+-------+-------+-------++-------
Melee: Long sword        |   107 |    31 |       |   122 ||   260
       Kick              |    29 |    30 |    95 |    94 ||   248
       Falchion          |       |    91 |   269 |    87 ||   447
       Hand axe          |       |       |       |     4 ||     4
Throw: Throwing net      |       |     3 |     3 |     1 ||     7
Invok: Lesser Servant of |       |       |     1 |     4 ||     5
       Minor Destruction |       |       |       |     5 ||     5
       Major Destruction |       |       |       |     1 ||     1
Evoke: Wand              |       |     1 |       |       ||     1
  Use: Scroll            |     5 |     1 |    11 |     3 ||    20
       Potion            |       |       |     6 |     4 ||    10
 Stab: Held in net/web   |       |     1 |     2 |       ||     3
       Confused          |       |     1 |       |       ||     1
       Distracted        |       |       |     1 |     1 ||     2
       Sleeping          |       |       |     4 |     4 ||     8
  Eat: Chunk             |     1 |     6 |    14 |     8 ||    29
Armor: Leather armour    |    23 |    27 |    25 |    12 ||    87
Dodge: Dodged            |   102 |    78 |   191 |   179 ||   550
Block: Other             |       |       |     5 |    25 ||    30
       Rpst.: Long sword |    37 |     2 |       |    25 ||    64
       Falchion          |       |    15 |    52 |    24 ||    91

Table legend:
 A = Non-vault XP
 B = Vault XP
 C = Vault XP percentage of total XP
 D = Non-vault monster count
 E = Vault monster count
 F = Vault count percentage of total count
                 A         B        C        D         E       F
            +---------+---------+-------+---------+---------+-------
      Total |    8533 |    4729 |  35.7 |     250 |     120 |  32.4
            +---------+---------+-------+---------+---------+-------
        D:1 |      48 |      12 |  20.0 |      28 |       6 |  17.6
        D:2 |     192 |      36 |  15.8 |      31 |       1 |   3.1
        D:3 |      56 |       7 |  11.1 |      20 |       5 |  20.0
        D:4 |     143 |       0 |   0.0 |       5 |       0 |   0.0
        D:5 |     909 |     271 |  23.0 |      24 |       2 |   7.7
        D:6 |    1126 |       0 |   0.0 |      33 |       0 |   0.0
        D:7 |     829 |      90 |   9.8 |      18 |      26 |  59.1
        D:8 |    2018 |       0 |   0.0 |      34 |       0 |   0.0
        D:9 |    2431 |    2014 |  45.3 |      38 |       8 |  17.4
       D:10 |     781 |    1844 |  70.2 |      19 |      27 |  58.7
      Sewer |       0 |     144 | 100.0 |       0 |       6 | 100.0
    Ossuary |       0 |     311 | 100.0 |       0 |      39 | 100.0
            +---------+---------+-------+---------+---------+-------
